 Dungeon Sprint DCSS version 0.27-a0-1136-g0b992a5a9d (webtiles) character file.

Game seed: 2328201995894534242

7 HendSelp the Sneak (level 1, -6/10 HPs)
             Began as a Vampire Enchanter on May 4, 2021.
             Mangled by a human (9 damage)
             ... in the Dungeon (Sprint III: "The Ten Rune Challenge").
             The game lasted 00:01:04 (74 turns).

HendSelp the Sneak (Vampire Enchanter)                Turns: 74, Time: 00:01:05

Health: -6/10      AC:  2    Str:  7    XL:     1   Next: 91%
Magic:  3/3        EV: 12    Int: 17    God:
Gold:   6          SH:  0    Dex: 14    Spells: 3/4 levels left

rFire    . . .     SeeInvis +   a - +1 dagger
rCold    + + .     Faith    .   (no shield)
rNeg     + + +     Spirit   .   b - +0 robe
rPois    ∞         Reflect  .   (no helmet)
rElec    .         Harm     .   (no cloak)
rCorr    .         Rampage  .   (no gloves)
Will     .....     NoTele   +   (no boots)
Stlth    ++++++....             (no amulet)
HPRegen  0.00/turn              (no ring)
MPRegen  0.08/turn              (no ring)

@: bloodless
A: bloodless, fangs 3, see invisible, unbreathing 1, vampiric 1
a: Revivify


You were in the Dungeon.
You visited 1 branch You collected 6 gold pieces.

Inventory:

Hand Weapons
 a - a +1 dagger (weapon)
Armour
 b - a +0 robe (worn)
Scrolls
 c - a scroll of torment {unknown}
 h - 2 scrolls of blinking
 i - a scroll of magic mapping {unknown}
Potions
 d - a potion of curing
 e - a potion of heal wounds
 f - a potion of haste
 g - 2 potions of magic
 j - 2 potions of flight
 k - 3 potions of mutation


   Skills:
 - Level 1.1 Short Blades
 - Level 2.1 Dodging
 + Level 7.6 Stealth
 - Level 2.0 Spellcasting
 - Level 4.4 Hexes


You had 3 spell levels left.
You knew the following spells:

 Your Spells              Type           Power      Damage    Failure   Level
a - Corona                Hex            17%        N/A       3%          1

Your spell library contained the following spells:

 Spells                   Type           Power      Damage    Failure   Level
 Confusing Touch          Hex            16%        N/A       10%         3
 Tukima's Dance           Hex            16%        N/A       10%         3
 Ensorcelled Hibernation  Hex/Ice        18%        N/A       12%         2
 Dazzling Flash           Conj/Hex       18%        N/A       24%         3


Dungeon Overview and Level Annotations

Branches:
Dungeon (1/1)

Altars:


Innate Abilities, Weirdness & Mutations

You do not regenerate when monsters are visible.
You are frail without blood (-20% HP).
You can heal yourself when you bite living creatures.
You are immune to poison.
You have razor-sharp teeth.
You have supernaturally acute eyesight. (SInv)
You can survive without breathing.
You are afflicted with vampirism.


Message History

Okay, then.
You see here a rat corpse.
h - 2 scrolls of blinking (gained 1)
You open the door.
You begin bloodletting.
You continue bloodletting. x5
Now bloodless.
Okay, then.
Okay, then.
Okay, then.
Annotate which branch? (. - D, ? - help, ! - show branch list)
Okay, then.
Unknown command.
There is an open door here.
A phantom comes into view.
A human comes into view.
The helpless phantom fails to defend itself.
You impale the phantom!!
You destroy the phantom!
Your Stealth skill increases to level 7!
You open the door.
Found 18 gold pieces and 2 potions of mutation.
There is an open door here.
You now have 6 gold pieces.
c - a scroll labelled LAMUIW JUYBLIB;
i - a scroll labelled HOTUD ENOKH
j - 2 potions of flight
Things that are here:
a potion of mutation; 2 potions of mutation
k - a potion of mutation;
k - 3 potions of mutation (gained 2)
Items here: !!! ??.
You barely miss the human. The human hits you.
Ouch! That really hurt!
* * * LOW HITPOINT WARNING * * *
You hit the human but do no damage. The human hits you but does no damage.
You hit the human but do no damage. The human closely misses you.
You closely miss the human. The human barely misses you.
You hit the human but do no damage. You bite the human, but do no damage.
The human hits you but does no damage.
You barely miss the human. Your bite misses the human. The human hits you!
Ouch! That really hurt!
You die...

▓▓▓▓▓▓▓▓▓▓▓▓▓
▓<.#..'...♣.♣
▓..#@p#.....♣
▓#'####.....♣
▓.....#....≈♣
▓.....#...≈≈♣♣..
▓....[#.p≈≈≈≈...
▓####'#..≈≈≈≈≈≈♣
▓....†#.≈≈≈≈≈≈..
▓.....#.≈≈≈≈≈...
▓.....#.≈≈≈.....


You could see a human.

Vanquished Creatures
  A phantom (D)
  2 endoplasms (D)
  2 rats (D)
5 creatures vanquished.

Notes
Turn   | Place    | Note
-------+----------+-------------------------------------------
     0 | D        | HendSelp the Vampire Enchanter began the quest for the Orb.
     0 | D        | Reached XP level 1. HP: 13/13 MP: 3/3
     5 | D        | Reached skill level 5 in Stealth
     8 | D        | Reached skill level 6 in Stealth
    58 | D        | Reached skill level 7 in Stealth
    74 | D        | Mangled by a human

Illustrated notes

Levels and vault maps discovered:
D:        dungeon_sprint_mu [sprint_mu_entry_forest, sprint_mu_temple_rooms,
          sprint_mu_d1_horrors, sprint_mu_d2_genie, sprint_mu_d3_branching,
          sprint_mu_orc_legion, sprint_mu_elf_gauntlet, sprint_mu_hive_nellie,
          sprint_mu_lair_fedhas, sprint_mu_vaults_butterflies,
          sprint_mu_slime_circle, sprint_mu_shoals_kraken,
          sprint_mu_snake_twists, sprint_mu_blade_basic,
          sprint_mu_crypt_chambers, sprint_mu_tomb_spiral,
          sprint_mu_vestibule_basic, sprint_mu_gehenna_hellfire,
          sprint_mu_dis_giant, sprint_mu_tartarus_statrot,
          sprint_mu_cocytus_islands, sprint_mu_zot1]

Skill      XL: |  1 |
---------------+----+-----
Stealth        | 7 |  7.6
Short Blades   | |  1.1
Dodging        | |  2.1
Spellcasting   | |  2.0
Hexes          | |  4.4

Action                   || total
-------------------------++-------
Melee: Dagger            ||    16
       Bite              ||     1
 Abil: Exsanguinate      ||     1
 Stab: Sleeping          ||     3
Armor: Robe              ||     2
Dodge: Dodged            ||     7

Table legend: (Time is in decaauts)
 A = Elapsed time spent in this place.
 B = Non-inter-level travel time spent in this place.
 C = Inter-level travel time spent in this place.
 D = Time resting spent in this place.
 E = Time spent auto-exploring this place.
 F = Levels seen in this place.
 G = Mean time per level.
                   A        B        C        D        E       F      G
               +--------+--------+--------+--------+--------+-----+--------+
         Total |     73 |     73 |      0 |      0 |      3 |   1 |   73.0 |
       Dungeon |     73 |     73 |      0 |      0 |      3 |   1 |   73.0 |
               +--------+--------+--------+--------+--------+-----+--------+

Top non-repeatable levels by time:
       D: 73 daAuts
